Map: Eternal Empire LE

Players

INnoVation - Winner!

  • Race: Terran Terran
  • Spawn Location: 1:00

Neeb

  • Race: Protoss Protoss
  • Spawn Location: 7:00

Event: DreamHack SC2 Masters 2020 Summer Season Finals

VOD

Have the link to the VOD?

Description

Time

  • Played on: July 16, 2020, 1:20 p.m.
  • Length: 14:13

All games in this series

Show
View Real Time Build Order
Export as new Build Order

INnoVation Terran - Winner!

Build Orders:  

Get SALT Encoding   

  12  0:00  SCV  
  13  0:13  SCV  
  14  0:18  Supply Depot  
  14  0:25  SCV  
  15  0:39  SCV  
  15  0:41  Barracks  
  16  0:45  Refinery  
  16  0:51  SCV  
  16  0:56  Refinery  
  17  1:03  SCV  
  18  1:15  SCV  
  19  1:28  Orbital Command, Reaper  
  20  1:36  Supply Depot  
  20  1:44  Factory  
  20  1:53  SCV  
  21  2:00  Reaper  
  22  2:06  SCV  
  23  2:18  SCV  
  26  2:30  Command Center, Hellion  
  26  2:32  SCV  
  27  2:40  Supply Depot  
  27  2:47  Starport  
  27  2:49  SCV  
  28  2:56  Widow Mine  
  30  3:01  SCV  
  31  3:13  SCV  
  31  3:17  Widow Mine  
  34  3:24  Medivac  
  34  3:25  SCV  
  37  3:37  SCV  
  37  3:39  Factory Tech Lab  
  38  3:49  SCV  
  38  3:55  Starport Tech Lab  
  39  3:58  Siege Tank  
  39  4:02  Orbital Command, SCV  
  43  4:07  Command Center  
  43  4:11  Barracks Reactor  
  43  4:15  SCV  
  44  4:18  Raven  
  44  4:21  Supply Depot  
  46  4:27  Bunker  
  46  4:29  SCV x2  
  48  4:38  Cyclone  
  48  4:42  SCV  
  48  4:43  SCV  
  50  4:49  Marine x2  
  50  4:54  Supply Depot, SCV  
  50  4:55  SCV  
  50  5:03  Barracks  
  50  5:07  Marine x2, SCV x2  
  51  5:10  Cyclone, Barracks  
  57  5:19  SCV x2  
  57  5:20  Orbital Command  
  57  5:25  Marine x2  
  59  5:31  SCV x2  
  61  5:36  Engineering Bay x2  
  61  5:38  Refinery x2, Starport Reactor  
  61  5:43  Marine x2  
  61  5:45  SCV x2  
  61  5:46  SCV  
  65  5:57  SCV x2  
  65  5:58  SCV  
  65  6:00  Stimpack, Factory Reactor  
  65  6:03  Marine x2  
  65  6:04  Combat Shield, Marine x2  
  70  6:06  Orbital Command  
  70  6:09  Supply Depot  
  72  6:12  SCV x2  
  72  6:13  Barracks  
  72  6:16  Barracks  
  74  6:24  Marauder, SCV x2  
  74  6:25  Marauder, Marine x2  
  82  6:28  Missile Turret  
  82  6:30  Missile Turret  
  81  6:34  SCV  
  81  6:36  SCV x2  
  81  6:39  Terran Infantry Weapons Level 1  
  84  6:42  Supply Depot  
  84  6:46  Supply Depot  
  84  6:48  Missile Turret  
  84  6:51  SCV x3  
  84  6:54  Medivac x2  
  91  6:59  Marauder  
  93  7:02  Supply Depot  
  93  7:04  Marauder, Supply Depot  
  93  7:05  Barracks Reactor, Barracks Tech Lab  
  93  7:06  Widow Mine x2  
  99  7:10  SCV x3  
  99  7:14  Supply Depot  
  100  7:22  SCV x3  
  100  7:23  Medivac  
  100  7:24  Medivac  
  104  7:32  Marauder x3  
  114  7:37  SCV x3  
  111  7:44  Refinery x2  
  111  7:45  Terran Infantry Armor Level 1  
  111  7:46  Armory  
  111  7:47  Marine x2  
  111  7:48  Marine x2  
  115  7:51  SCV x3  
  115  7:55  Viking x2  
  122  8:00  Supply Depot  
  122  8:04  Supply Depot  
  122  8:07  Marine x4  
  122  8:09  SCV x2  
  122  8:10  SCV  
  129  8:21  Command Center  
  129  8:26  Viking  
  131  8:28  Viking  
  131  8:30  Starport  
  133  8:34  Terran Infantry Weapons Level 2  
  133  8:36  Ghost Academy  
  132  8:42  Supply Depot, SCV x3  
  132  8:45  Marine x4  
  139  8:49  Supply Depot  
  139  8:50  Marauder  
  139  8:51  Marauder x2  
  139  8:52  Terran Ship Weapons Level 1  
  144  9:00  Viking x2  
  145  9:04  Supply Depot  
  145  9:06  Supply Depot  
  145  9:09  Viking x2  
  149  9:18  Barracks x2  
  149  9:19  Barracks  
  149  9:23  Ghost x3  
  153  9:28  Marine x3  
  153  9:29  Marine  
  159  9:32  Viking x2  
  159  9:35  SCV x2  
  159  9:36  SCV  
  166  9:45  Viking x2  
  169  9:48  Marine x2  
  169  9:49  Marine x2  
  172  9:53  Refinery x2, SCV  
  172  9:54  Missile Turret  
  172  9:55  SCV x2  
  172  9:59  Ghost  
  175  10:00  Ghost  
  175  10:04  Terran Infantry Armor Level 2  
  179  10:13  Enhanced Shockwaves  
  179  10:14  Marine x4  
  179  10:16  Barracks Reactor, Barracks Tech Lab  
  179  10:18  Barracks Tech Lab  
  182  10:23  SCV x2  
  182  10:24  SCV  
  182  10:27  Planetary Fortress  
  180  10:32  Marauder x3  
  180  10:34  Marine x2  
  180  10:35  Marine x2  
  190  10:42  Viking x3  
  196  10:56  Terran Infantry Weapons Level 3  
  196  11:00  Command Center  
  191  11:06  Marauder x2  
  191  11:07  Marauder x3  
  191  11:11  Marine x3  
  183  11:17  Viking x2  
  178  11:25  Viking x2  
  161  11:33  Ghost x3  
  161  11:37  Marine  
  161  11:38  Marine x2  
  165  11:45  Terran Ship Weapons Level 2  
  165  11:51  Viking x2  
  169  11:55  Ghost, Viking x2  
  169  11:59  SCV  
  169  12:00  SCV x3  
  169  12:01  Marine x5  
  183  12:11  Marauder x3, Marine  
  183  12:12  Marauder  
  183  12:14  Planetary Fortress  
  191  12:16  Unknown, SCV  
  192  12:23  Viking x2  
  192  12:25  Marauder  
  198  12:33  Missile Turret  
  195  12:37  Viking x2  
  168  12:51  Ghost  
  168  12:52  Ghost x2  
  160  13:01  Viking x2  
  160  13:04  Marine x4  
  161  13:07  Viking  
  161  13:09  Viking  
  161  13:11  Marine x4  
  169  13:14  SCV  
  169  13:16  SCV  
  169  13:17  SCV  
  169  13:18  SCV  
  169  13:19  SCV  
  173  13:20  Ghost  
  173  13:21  Marauder  
  173  13:24  Marauder  
  173  13:25  Marine x2  
  173  13:26  Marine  
  182  13:28  Marine x2  
  182  13:29  Marauder  
  182  13:31  Viking x2  
  182  13:33  Marine x2  
  191  13:37  Viking  
  191  13:39  SCV x5  
Show
View Real Time Build Order
Export as new Build Order

Neeb Protoss 

Build Orders: 1 Gate Expand, Phoenix Opening, Carriers 

Get SALT Encoding   

  12  0:00  Probe  
  13  0:12  Probe  
  14  0:17  Pylon  
  14  0:23  Probe  
  15  0:31  Probe  
  16  0:38  Gateway  
  16  0:39  Probe  
  16  0:45  Assimilator  
  17  0:51  Probe  
  18  1:03  Probe  
  19  1:15  Probe  
  20  1:25  Cybernetics Core  
  20  1:32  Nexus  
  20  1:37  Zealot  
  22  1:44  Pylon  
  22  1:49  Probe  
  23  1:54  Assimilator  
  23  1:55  Stalker  
  23  2:02  Probe  
  26  2:15  Probe  
  27  2:24  Probe  
  27  2:25  Adept  
  30  2:32  Probe  
  31  2:40  Stargate  
  31  2:41  Probe x2  
  31  2:49  Probe  
  31  2:50  Warp Gate  
  33  2:53  Probe  
  33  2:55  Adept  
  37  2:59  Probe  
  37  3:05  Probe  
  39  3:11  Probe  
  40  3:15  Pylon  
  40  3:17  Phoenix, Probe  
  41  3:23  Probe  
  44  3:29  Probe  
  45  3:35  Phoenix, Probe  
  45  3:41  Probe, Pylon  
  46  3:45  Gateway  
  46  3:47  Probe  
  50  3:53  Assimilator  
  50  3:55  Phoenix, Probe  
  51  3:57  Assimilator  
  51  4:02  Probe  
  54  4:07  Robotics Facility  
  54  4:09  Probe  
  55  4:14  Probe  
  56  4:18  Pylon  
  56  4:21  Probe  
  57  4:26  Probe  
  58  4:33  Probe  
  58  4:35  Stargate  
  59  4:38  Probe  
  59  4:43  Stalker x2  
  62  4:47  Probe  
  63  4:55  Probe  
  62  5:00  Probe  
  62  5:01  Phoenix  
  65  5:12  Pylon  
  65  5:14  Nexus, Probe  
  65  5:17  Probe  
  65  5:18  Phoenix  
  68  5:21  Observer  
  68  5:26  Probe  
  68  5:28  Probe  
  70  5:31  Phoenix  
  74  5:35  Probe  
  74  5:36  Sentry  
  74  5:38  Probe  
  78  5:45  Pylon  
  78  5:55  Phoenix  
  78  6:00  Pylon  
  78  6:02  Assimilator  
  78  6:03  Phoenix, Probe x2  
  84  6:06  Assimilator  
  84  6:15  Probe x2  
  86  6:19  Phoenix  
  86  6:24  Protoss Air Weapons Level 1  
  88  6:26  Phoenix, Probe  
  88  6:27  Probe x2  
  88  6:32  Robotics Bay  
  93  6:36  Phoenix  
  93  6:38  Pylon  
  93  6:39  Probe x3  
  98  6:51  Probe x2  
  98  6:54  Pylon  
  98  6:55  Probe  
  98  6:56  Immortal  
  103  7:03  Probe  
  103  7:07  Fleet Beacon  
  104  7:15  Phoenix  
  104  7:16  Phoenix  
  104  7:22  Pylon  
  108  7:23  Adept, Shield Battery  
  108  7:24  Stalker, Colossus, Shield Battery  
  112  7:31  Probe  
  112  7:33  Probe  
  108  7:37  Extended Thermal Lance  
  108  7:39  Probe  
  108  7:43  Probe  
  116  7:45  Probe  
  117  7:52  Anion Pulse-Crystals  
  117  7:54  Probe  
  118  8:00  Colossus  
  118  8:01  Shield Battery  
  118  8:04  Pylon  
  118  8:06  Nexus  
  118  8:16  Zealot x2  
  118  8:19  Phoenix, Probe x2  
  132  8:22  Phoenix  
  132  8:26  Pylon  
  134  8:32  Forge  
  134  8:34  Probe  
  134  8:36  Probe  
  134  8:38  Adept  
  134  8:39  Zealot  
  134  8:40  Colossus, Probe  
  141  8:47  Assimilator, Probe  
  143  8:48  Probe  
  143  8:51  Assimilator  
  143  8:54  Robotics Facility  
  149  9:02  Probe  
  148  9:03  Probe  
  149  9:11  Photon Cannon  
  149  9:15  Phoenix  
  149  9:16  Phoenix  
  149  9:21  Pylon  
  149  9:22  Shield Battery  
  153  9:24  Carrier  
  153  9:25  Carrier  
  153  9:28  Photon Cannon  
  153  9:29  Disruptor  
  153  9:30  Photon Cannon  
  166  9:49  Photon Cannon  
  166  9:50  Photon Cannon  
  166  9:55  Disruptor  
  166  9:56  Protoss Shields Level 1  
  169  10:04  Photon Cannon  
  169  10:06  Photon Cannon  
  169  10:07  Protoss Air Weapons Level 2  
  169  10:08  Disruptor, Shield Battery  
  169  10:10  Pylon  
  172  10:15  Pylon  
  172  10:17  Pylon  
  172  10:18  Pylon  
  172  10:20  Pylon  
  172  10:21  Disruptor  
  172  10:23  Pylon  
  172  10:24  Carrier  
  168  10:31  Stargate  
  168  10:32  Stargate  
  168  10:34  Stargate  
  177  10:37  Observer  
  177  10:46  Photon Cannon  
  177  10:49  Photon Cannon, Carrier  
  178  10:50  Photon Cannon  
  178  10:51  Photon Cannon  
  150  11:17  Disruptor x2  
  144  11:18  Carrier  
  142  11:27  Carrier  
  143  11:49  Nexus  
  143  11:51  Nexus  
  143  11:52  Colossus  
  143  11:53  Pylon  
  149  11:57  Disruptor  
  152  12:12  Probe  
  152  12:13  Probe  
  154  12:18  Carrier  
  160  12:31  Unknown  
  160  12:33  Disruptor  
  160  12:35  Shield Battery  
  160  12:36  Shield Battery  
  141  12:55  Stalker x2  
  131  13:02  Carrier  
  127  13:06  Carrier  
  127  13:11  Unknown  
  133  13:15  Disruptor  
  133  13:18  Zealot  
  133  13:19  Zealot  
  140  13:23  Shield Battery  
  140  13:25  Shield Battery  
  145  13:39  Zealot x2  
  149  13:43  Shield Battery  
  147  13:54  Shield Battery  
  143  14:06  Stalker x2  
Tags
 
Add a new tag
Caveats
  • Supply blocks, unpowered buildings, or Contaminate may cause inaccurate times.
  • Supply counts are checked every 10 seconds.